 Dungeon Crawl Stone Soup version 0.18.1-48-g4cf74bf (webtiles) character file.

297 Heedrag the Conjurer (level 6, -6/32 HPs)
             Began as a Deep Elf Conjurer on July 29, 2016.
             Mangled by a gnoll sergeant
             ... wielding a cursed -2 trident
              (14 damage)
             ... on level 5 of the Dungeon.
             The game lasted 00:06:33 (3093 turns).

Heedrag the Conjurer (Deep Elf Conjurer)            Turns: 3093, Time: 00:06:34

Health: -6/32      AC:  3    Str:  7    XL:     6   Next: 12%
Magic:  16/16      EV: 13    Int: 20    God:
Gold:   97         SH:  0    Dex: 15    Spells: 4 memorised, 2 levels left

rFire  . . .     SeeInvis .     e - +1 dagger (distort)
rCold  . . .     Gourm    .     o - +0 robe (curse)
rNeg   . . .     Faith    .     (no shield)
rPois  .         Spirit   .     (no helmet)
rElec  .         Dismiss  .     m - +0 cloak
rCorr  .         Reflect  .     (no gloves)
SustAt .         Harm     .     (no boots)
MR     .....                    v - amulet of inaccuracy (curse)
Stlth  ++........               (no ring)
                                (no ring)

@: not resistant to hostile enchantments, unstealthy
A: no striking features
a: no special abilities


You were on level 5 of the Dungeon.
You were not hungry.

You visited 2 branches of the dungeon, and saw 6 of its levels.

You collected 97 gold pieces.

Inventory:

Hand Weapons
 e - a +1 dagger of distortion (weapon)
 l - a cursed +0 hand axe
Armour
 a - a +0 robe
 m - a +0 cloak (worn)
 o - a cursed +0 robe (worn)
Jewellery
 v - a cursed amulet of inaccuracy (around neck)
Scrolls
 f - 4 scrolls of identify {unknown}
 g - a scroll of enchant armour {unknown}
 h - a scroll of amnesia {unknown}
 k - 2 scrolls of immolation {unknown}
 q - a scroll of fear {unknown}
Potions
 i - a potion of might {unknown}
 j - a potion of haste {unknown}
 p - 2 potions of degeneration {unknown}
 t - 3 potions of curing {unknown}
 u - 2 potions of beneficial mutation {unknown}
Books
 b - a book of Conjurations

   Spells                             Type                      Level
   a - Magic Dart                     Conjuration                  1
   b - Searing Ray                    Conjuration                  2
   c - Dazzling Spray                 Conjuration/Hexes            3
   d - Fulminant Prism                Conjuration/Hexes            4
   e - Iskenderun's Mystic Blast      Conjuration                  4
   f - Iskenderun's Battlesphere      Conjuration/Charms           5
Comestibles
 c - 2 bread rations
 d - a royal jelly
 n - a fruit
 s - 3 beef jerkies


   Skills:
 - Level 2.4 Dodging
 - Level 2.4 Stealth
 + Level 5.3 Spellcasting
 * Level 6.9 Conjurations
 + Level 2.3 Charms


You had 2 spell levels left.
You knew the following spells:

 Your Spells              Type           Power        Failure   Level  Hunger
a - Magic Dart            Conj           ####         1%          1    None
b - Dazzling Spray        Conj/Hex       ###...       10%         3    ##.....
c - Iskenderun's Mystic   Conj           ####....     10%         4    ####...
d - Iskenderun's Battles  Conj/Chrm      ###.....     58%         5    #####..


Dungeon Overview and Level Annotations

Branches:
Dungeon (5/15)             Temple (1/1) D:5

Altars:
Cheibriados
Dithmenos
Elyvilon
Fedhas
Gozag
Kikubaaqudgha
Makhleb
Nemelex Xobeh
Okawaru
Pakellas
Ru
Sif Muna
Trog
Yredelemnul
Zin

Annotations:
D:4 Sigmund
D:5 Heedrag's ghost, novice DECj


Message History

Thar be a deep blue altar o' Sif Muna 'ere.
Thar be a staircase back ta tha Dungeon 'ere.
Ye start restin'.
Eatin' 'un o' 2 chunks o' flesh. 'tis raw flesh tastes terrible.
Ye continue eatin'. x2
All o' tha chunks o' flesh in yer inventory haf rotted away.
HP restored.
Ye cannae go down 'ere!
Unknown command.
Ye climb upwards.
Welcome back ta tha Dungeon!
Level annotation: Heedrag's ghost, novice DECj Tha gnoll sergeant hits ye wit' a trident!
Tha ice beast hits ye.
Tha ice beast freezes ye.
Tha phantom hits ye.
* * * LOW HITPOINT WARNIN'
* * * Tha phantom blinks!
Thar be a staircase ta tha Ecumenical Temple, spatt'red wit' blood 'ere.
Tha gnoll sergeant hits ye but does nay damage.
Tha gnoll misses ye.
Tha gnoll sergeant hits ye wit' a trident!
Ye die...

#################
#...............#
#...8..8..8..8..#
#...............#
#............WY>#
#..........gg..g#
###...8..8..8.g8@.#
..................#
###################
# ## .## ..# ...#
#...


You could see a phantom, an ice beast, a gnoll sergeant and 3 gnolls.

Vanquished Creatures
  A howler monkey (D:5)
  A centaur zombie (D:3)
  Natasha (thrice) (D:3)
  5 adders
  An ooze (D:1)
  3 dart slugs
  2 giant geckos
  11 orcs (D:3)
  3 giant cockroaches
  5 goblins
  3 hobgoblins
  9 jackals
  3 quokkas
  6 bats
  5 giant newts
  4 kobolds
  2 rats
67 creatures vanquished.

Vanquished Creatures (others)
  An orc priest (D:3)
  A jackal (D:2)
2 creatures vanquished.

Grand Total: 69 creatures vanquished

Notes
Turn   | Place    | Note
--------------------------------------------------------------
     0 | D:1      | Heedrag the Deep Elf Conjurer began the quest for the Orb.
     0 | D:1      | Reached XP level 1. HP: 10/10 MP: 6/6
   173 | D:1      | Reached XP level 2. HP: 9/15 MP: 1/8
   500 | D:1      | Reached skill level 5 in Conjurations
   626 | D:2      | Reached XP level 3. HP: 6/19 MP: 3/10
   631 | D:2      | Learned a level 3 spell: Dazzling Spray
   955 | D:2      | Found an opulent altar of Gozag.
  1612 | D:3      | Reached XP level 4. HP: 13/24 MP: 2/12
  1687 | D:3      | Learned a level 4 spell: Iskenderun's Mystic Blast
  1721 | D:3      | Reached skill level 6 in Conjurations
  1885 | D:3      | Reached XP level 5. HP: 26/28 MP: 1/14
  2091 | D:3      | Learned a level 5 spell: Iskenderun's Battlesphere
  2161 | D:3      | Found an oddly glowing altar of Pakellas.
  2162 | D:3      | Found a burning altar of Makhleb.
  2287 | D:3      | Noticed Natasha
  2295 | D:3      | Killed Natasha
  2515 | D:3      | Reached skill level 1 in Charms
  2518 | D:3      | Reached skill level 5 in Spellcasting
  2632 | D:3      | Noticed Natasha
  2644 | D:3      | Killed Natasha
  2697 | D:3      | Noticed Natasha
  2713 | D:3      | Killed Natasha
  2792 | D:4      | Noticed Sigmund
  2803 | D:5      | Entered Level 5 of the Dungeon
  2808 | D:5      | Noticed Heedrag's ghost (novice DECj)
  2812 | D:5      | Noticed an ice beast
  2822 | D:5      | Reached XP level 6. HP: 9/32 MP: 8/15
  2841 | D:5      | Found a staircase to the Ecumenical Temple.
  2853 | Temple   | Entered the Ecumenical Temple
  3093 | D:5      | Mangled by a gnoll sergeant

Skill      XL: |  1  2  3  4  5 |
---------------+----------------+-----
Conjurations   | 5 6 |  6.9
Spellcasting   | 4 5 |  5.3
Charms         | 2 |  2.3
Dodging        | |  2.4
Stealth        | |  2.4

Action                   |  1- 3 |  4- 6 || total
-------------------------+-------+-------++-------
Melee: Dagger            |    20 |    21 ||    41
 Cast: Magic Dart        |    68 |    74 ||   142
       Dazzling Spray    |       |     2 ||     2
       Iskenderun's Myst |       |     1 ||     1
  Eat: Chunk             |     2 |     5 ||     7
Armor: Robe              |     2 |     7 ||     9
Dodge: Dodged            |    27 |    46 ||    73
